 Dungeon Crawl Stone Soup version 0.23-a0-79-gaa8cc03 (webtiles) character file.

5 Amnesiac the Gusty (level 1, -5/13 HPs)
             Began as a Mummy Air Elementalist on Aug 11, 2018.
             Killed from afar by an orc wizard (9 damage)
             ... with a puff of flame
             ... on level 3 of the Dungeon.
             The game lasted 00:00:50 (391 turns).

Amnesiac the Gusty (Mummy Air Elementalist)          Turns: 391, Time: 00:00:51

Health: -5/13      AC:  2    Str: 11    XL:     1   Next: 66%
Magic:  4/4        EV: 12    Int: 14    God:
Gold:   0          SH:  0    Dex: 12    Spells: 4/5 levels left

rFire    x . .     SeeInvis .   (no weapon)
rCold    + . .     Gourm    .   (no shield)
rNeg     + + +     Faith    .   a - +0 robe
rPois    ∞         Spirit   .   (no helmet)
rElec    .         Reflect  .   (no cloak)
rCorr    .         Harm     .   (no gloves)
MR       .....                  (no boots)
Stlth    ++........             (no amulet)
HPRegen  0.04/turn              (no ring)
MPRegen  0.09/turn              (no ring)

@: no status effects
A: no food or potions, fire vulnerability, cold resistance 1, negative energy
resistance 3, torment resistance, unbreathing
a: no special abilities


You were on level 3 of the Dungeon.
You were not hungry.

You visited 1 branch of the dungeon, and saw 3 of its levels.

Inventory:

Armour
 a - a +0 robe (worn)
Scrolls
 b - a scroll of identify {!r, unknown}


   Skills:
 - Level 1.5 Dodging
 - Level 1.5 Stealth
 + Level 2.7 Spellcasting
 - Level 0.7 Conjurations
 * Level 2.7 Air Magic


You had 4 spell levels left.
You knew the following spells:

 Your Spells              Type           Power        Failure   Level  Hunger
a - Shock                 Conj/Air       #...         11%         1    N/A

Your spell library contained the following spells:

 Spells                   Type           Power        Failure   Level  Hunger
 Lightning Bolt           Conj/Air       #.........   96%         5    N/A
 Swiftness                Chrm/Air       #.......     19%         2    N/A
 Airstrike                Air            #.........   56%         4    N/A
 Static Discharge         Conj/Air       #.......     32%         3    N/A

Dungeon Overview and Level Annotations

Branches:
Dungeon (3/15)

Altars:


Innate Abilities, Weirdness & Mutations

You do not eat or drink.
Your flesh is vulnerable to fire.
You are immune to poison.
Your flesh is cold resistant. (rC+)
You are immune to negative energy. (rN+++)
You are immune to unholy pain and torment.
You can survive without breathing.


Message History

You start resting.
Magic restored.
There is a stone staircase leading down here.
You start resting.
Magic restored.
You start resting.
A bat comes into view.
A bat is nearby!
You start resting.
The bat is too close now for your liking.
Unknown command.
Casting: Shock (safe; 11% risk of failure)
Confirm with . or Enter, or press ? or * to list all spells.
Aiming: Shock (safe; 11% risk of failure)
Press: ? - help, Shift-Dir - straight line, f - bat
Aim: a bat The zap hits the bat.
The bat is severely wounded.
The bat misses you. The bat closely misses you.
You closely miss the bat.
The bat is severely wounded.
The bat barely misses you. x2
Casting: Shock (safe; 11% risk of failure)
Confirm with . or Enter, or press ? or * to list all spells.
Aiming: Shock (safe; 11% risk of failure)
Press: ? - help, Shift-Dir - straight line, f/p - bat
Aim: a bat (severely wounded)
The zap hits the bat.
You kill the bat!
Unknown command.
You start resting.
Magic restored.
You start resting.
Magic restored.
You start resting.
HP restored.
You start resting.
HP restored.
You start waiting.
Done waiting.
You climb downwards.
You hear the sound of rushing water.
There is an entrance to a sewer on this level.
Hurry and find it before the portal rusts away!
There is a stone staircase leading up here.
A ball python and an orc come into view.
There are monsters nearby!
An orc priest comes into view.
Unknown command.
An orc wizard comes into view. It is wielding a dagger.
The orc wizard moves out of view.
The orc wizard shouts!
You hear a shout! x2 2 orcs come into view.
The orc shouts! x2
An orc comes into view. It is wielding a club.
The orc moves out of view.
The orc wizard points at you and mumbles some strange words.
The magic dart hits you!
Ouch! That really hurt!
* * * LOW HITPOINT WARNING * * *
The orc wizard casts a spell at you. The puff of flame misses you.
The puff of flame hits you! The fire burns you terribly!
Ouch! That really hurt!
You die...

###########
.##########..........
.................#####.
.....................oo
...#<.###.......o#####
##.# #.######.# ......#
#?# #.@# .#.#### #.#
#§## # ..# §§ ..# .#§
o..# §§ o.S.


You could see an orc wizard.

Vanquished Creatures
  2 bats
  A kobold (D:2)
  A frilled lizard (D:1)
  2 rats
6 creatures vanquished.

Notes
Turn   | Place    | Note
-------+----------+-------------------------------------------
     0 | D:1      | Amnesiac the Mummy Air Elementalist began the quest for the Orb.
     0 | D:1      | Reached XP level 1. HP: 13/13 MP: 4/4
   384 | D:3      | Noticed an orc priest
   386 | D:3      | Noticed an orc wizard
   391 | D:3      | Killed from afar by an orc wizard

Vault maps used:
D:1:      lightli_arrival_flooded_house, serial_bayou_pond_d,
          minmay_misc_feat_tower
D:2:      xom_redecorated, first_ration, uniq_crazy_yiuf_cottage, uniq_natasha,
          uniq_jessica
D:3:      grunt_dithmenos_smoke_and_mirrors, gup_sewer_entry_glass

Action                   || total
-------------------------++-------
Melee: Unarmed           ||     5
 Cast: Shock             ||    12
Armor: Robe              ||     1
Dodge: Dodged            ||     8

Table legend:
 A = Non-vault XP
 B = Vault XP
 C = Vault XP percentage of total XP
 D = Non-vault monster count
 E = Vault monster count
 F = Vault count percentage of total count
 G = Total turns spent on level
                 A         B        C        D         E       F
            +---------+---------+-------+---------+---------+-------
      Total |       8 |       0 |   0.0 |       6 |       0 |   0.0
            +---------+---------+-------+---------+---------+-------
        D:1 |       4 |       0 |   0.0 |       3 |       0 |   0.0
        D:2 |       4 |       0 |   0.0 |       3 |       0 |   0.0
            +---------+---------+-------+---------+---------+-------
